 Dungeon Crawl Stone Soup version 0.30-a0-168-g0b976cbdc4 (webtiles) character file.

Game seed: 13538764161581761536

166 qw the Chopper (level 5, 0/32 HPs)
             Began as a Gargoyle Fighter on Sept 29, 2022.
             Slain by Duvessa
             ... wielding a +0 short sword
              (1 damage)
             ... on level 4 of the Dungeon.
             The game lasted 00:00:53 (2941 turns).

qw the Chopper (Gargoyle Fighter)                   Turns: 2941, Time: 00:00:54

Health: 0/32       AC: 10    Str: 21    XL:     5   Next: 47%
Magic:  5/5        EV:  9    Int:  9    God:
Gold:   196        SH:  4    Dex:  9    Spells: 4/4 levels left

rFire   . . .      SeeInvis .    i - +0 war axe (vamp)
rCold   . . .      Faith    .    c - +0 buckler
rNeg    + . .      Spirit   .    b - +0 scale mail
rPois   inf        Reflect  .    (no helmet)
rElec   +          Harm     .    (no cloak)
rCorr   .          Rampage  .    (no gloves)
Will    .....                    (no boots)
Stlth   ..........               k - amulet of the acrobat
HPRegen 0.10/turn                (no ring)
MPRegen 0.09/turn                (no ring)

@: no status effects
A: sickness immunity, AC +4, negative energy resistance 1, electricity
resistance, torment resistance 1, petrification resistance
a: no special abilities


You were on level 4 of the Dungeon.
You visited 1 branch of the dungeon, and saw 4 of its levels.

You collected 196 gold pieces.


Innate Abilities, Weirdness & Mutations

You are immune to sickness and miasma.
Your stone body is resilient. (AC +4)
You are immune to poison.
You resist negative energy. (rN+)
You are resistant to electric shocks. (rElec)
You are resistant to unholy torment.
You are immune to petrification.


   Skills:
 - Level 3.2 Fighting
 + Level 4.7 Axes
 - Level 1.3 Throwing
 - Level 3.2 Armour
 - Level 3.2 Shields


You had 4 spell levels left.
You didn't know any spells.
Your spell library was empty.

Inventory:

Hand Weapons
 h - a +0 flail
 i - a +0 vampiric war axe (weapon)
Missiles
 e - 5 javelins (quivered)
Armour
 b - a +0 scale mail (worn)
 c - a +0 buckler (worn)
Jewellery
 f - a ring of ice
 k - an amulet of the acrobat (around neck)
Scrolls
 n - a scroll of identify
Potions
 d - 4 potions of might
 g - a potion of degeneration {unknown}
 j - a potion of flight {unknown}
 o - a potion of curing {unknown}

Dungeon Overview and Level Annotations

Branches:
Dungeon (4/15)
 Temple: D:4-7

Altars:
Uskayaw

Annotations:
D:4 Dowan, Duvessa


Message History

You barely miss Duvessa.
Duvessa is lightly wounded.
Duvessa hits you with a +0 short sword.
You slash Duvessa!
You feel better.
Duvessa is moderately wounded.
Duvessa hits you but does no damage.
You slash Duvessa!
You feel better.
Duvessa is severely wounded.
Duvessa hits you with a +0 short sword.
Dowan mumbles some strange words.
Dowan blinks!
Duvessa hits you with a +0 short sword.
You barely miss Duvessa.
Duvessa is severely wounded.
You block Duvessa's attack.
You slash Duvessa!
You feel better.
Duvessa is almost dead.
Duvessa says, "Where magic fails, the sword succeeds!"
Duvessa hits you with a +0 short sword! Duvessa closely misses you.
You hit Duvessa.
Duvessa is almost dead.
Duvessa hits you with a +0 short sword!
You closely miss Duvessa.
Duvessa is almost dead.
Duvessa barely misses you.
You hit Duvessa but do no damage.
Duvessa is almost dead.
Duvessa hits you with a +0 short sword! Duvessa hits you with a +0 short sword.
You closely miss Duvessa.
Duvessa is almost dead.
You block Duvessa's attack.
You closely miss Duvessa.
Duvessa is almost dead.
Duvessa hits you with a +0 short sword.
Dowan says, "My weaknesses are her strengths!"
Dowan casts a spell at Duvessa.
Duvessa seems to speed up.
You barely miss Duvessa.
Duvessa is almost dead.
Duvessa closely misses you. Duvessa hits you with a +0 short sword.
You die...

........#
........# #.....#
........# ##.....#
........# ......#
........# ....:#
........# ....#
........# .o.
##........ #e#
########. #@# #.#
#.# #.# #.# #.#
#.# #.# #.# #.#
#.# #.# #.# #.#
#.#
##########.###.#.#


You could see Duvessa (fast) and an orc.

Vanquished Creatures
  A jelly (D:4)
  3 adders
  4 gnolls (D:2)
  A worm (D:3)
  5 orcs (D:3)
  4 ball pythons
  5 endoplasms
  2 giant cockroaches
  7 goblins
  5 hobgoblins
  2 jackals (D:1)
  3 quokkas (D:2)
  5 bats
  2 frilled lizards (D:1)
  8 kobolds
  4 rats
61 creatures vanquished.

Notes
Turn   | Place    | Note
-------+----------+-------------------------------------------
     0 | D:1      | qw the Gargoyle Fighter began the quest for the Orb.
     0 | D:1      | Reached XP level 1. HP: 14/14 MP: 1/1
     0 | D:1      | 0 ||| qw: Version: 0.2-a-12-gaebbb33
     0 | D:1      | 0 ||| qw: Game counter: 1089
     0 | D:1      | 0 ||| qw: Always use a shield: true
     0 | D:1      | 0 ||| qw: God list: Okawaru
     0 | D:1      | 0 ||| qw: Allow faded altars: false
     0 | D:1      | 0 ||| qw: Do Orc after D:15 true
     0 | D:1      | 0 ||| qw: Do second Lair branch before Depths: true
     0 | D:1      | 0 ||| qw: Lair rune preference: random
     0 | D:1      | 0 ||| qw: Plans: Normal, Zot:1-4, God:TSO, Crypt, Tomb,
                  | Pan, Slime:5, Hells, Abyss, Orb
     0 | D:1      | 0 ||| PLANNING D:1-11
    98 | D:1      | Reached skill level 2 in Axes
   197 | D:1      | Reached XP level 2. HP: 15/19 MP: 2/2
   494 | D:1      | 494 ||| DROPPING +0 club.
   672 | D:1      | 672 ||| DROPPING +0 whip.
   736 | D:1      | Found a faded altar of an unknown god.
  1009 | D:1      | 1009 ||| READING 3 scrolls labelled MUIGIF UZEEROU.
  1010 | D:1      | 1010 ||| READING scroll labelled NUDAOBE PAHISA.
  1011 | D:1      | 1011 ||| READING scroll labelled XACHOA OGEDUOQICH.
  1012 | D:1      | 1012 ||| DROPPING 2 scrolls of magic mapping.
  1118 | D:2      | Reached skill level 3 in Axes
  1225 | D:2      | Reached XP level 3. HP: 23/23 MP: 3/3
  1421 | D:2      | Reached skill level 1 in Throwing
  1588 | D:2      | 1588 ||| Stepping ~*~*~tactically~*~*~ (stealth).
  1591 | D:2      | Reached XP level 4. HP: 28/28 MP: 4/4
  1623 | D:2      | 1623 ||| Stepping ~*~*~tactically~*~*~ (stealth).
  1624 | D:2      | 1624 ||| Stepping ~*~*~tactically~*~*~ (stealth).
  1637 | D:2      | 1637 ||| Stepping ~*~*~tactically~*~*~ (stealth).
  1639 | D:2      | 1639 ||| Stepping ~*~*~tactically~*~*~ (stealth).
  1640 | D:2      | 1640 ||| Stepping ~*~*~tactically~*~*~ (stealth).
  1669 | D:2      | Reached skill level 4 in Axes
  1879 | D:2      | 1879 ||| READING scroll labelled WOSSEN FOMEM.
  1880 | D:2      | 1880 ||| READING scroll labelled HUOPIG ELOTUYR.
  1881 | D:2      | 1881 ||| READING scroll labelled RONEQAAMUH.
  2038 | D:3      | 2038 ||| Stepping ~*~*~tactically~*~*~ (stealth).
  2059 | D:3      | Reached XP level 5. HP: 32/32 MP: 5/5
  2153 | D:3      | 2153 ||| Stepping ~*~*~tactically~*~*~ (stealth).
  2159 | D:3      | 2159 ||| Stepping ~*~*~tactically~*~*~ (stealth).
  2399 | D:3      | 2399 ||| UPGRADING to amulet of the acrobat.
  2404 | D:3      | 2404 ||| READING scroll labelled GUEBU TEICIO.
  2405 | D:3      | 2405 ||| DRINKING 2 viscous cyan potions.
  2509 | D:3      | 2509 ||| DRINKING 2 blue potions.
  2510 | D:3      | 2510 ||| DROPPING potion of berserk rage.
  2511 | D:3      | 2511 ||| DROPPING potion of magic.
  2576 | D:4      | HP: 6/32 [acid (7)]
  2842 | D:4      | Found a hide-covered altar of Uskayaw.
  2928 | D:4      | Noticed Duvessa
  2928 | D:4      | Noticed Dowan
  2938 | D:4      | HP: 6/32 [Duvessa/+0 short sword (8)]
  2940 | D:4      | HP: 1/32 [Duvessa/+0 short sword (4)]
  2941 | D:4      | Slain by Duvessa

Levels and vault maps discovered:
D:1:      minmay_arrival_loop, layout_basic, chequers_ecumenical_altar_island,
          dk_noncrumbling_4
D:2:      layout_basic, minmay_misc_feat_hallway
D:3:      layout_basic, kennysheep_another_room
D:4:      layout_basic, nicolae_uskayaw_dance_hall, uniq_duvessa

Skill      XL: |  1  2  3  4 |
---------------+-------------+-----
Axes           | 2 3 4 |  4.7
Throwing       | 1 |  1.3
Fighting       | |  3.2
Armour         | |  3.2
Shields        | |  3.2

Action                   |  1- 3 |  4- 6 || total
-------------------------+-------+-------++-------
Melee: War axe           |    83 |    49 ||   132
Throw: Javelin           |    22 |    30 ||    52
  Use: Scroll            |     3 |     4 ||     7
       Potion            |       |     2 ||     2
Armor: Scale mail        |    50 |    20 ||    70
Dodge: Dodged            |    46 |    14 ||    60
Block: Buckler           |    18 |     7 ||    25

Table legend:
 A = Non-vault XP
 B = Vault XP
 C = Vault XP percentage of total XP
 D = Non-vault monster count
 E = Vault monster count
 F = Vault count percentage of total count
                 A         B        C        D         E       F
            +---------+---------+-------+---------+---------+-------
      Total |     238 |       0 |   0.0 |      61 |       0 |   0.0
            +---------+---------+-------+---------+---------+-------
        D:1 |      22 |       0 |   0.0 |      14 |       0 |   0.0
        D:2 |     116 |       0 |   0.0 |      25 |       0 |   0.0
        D:3 |      53 |       0 |   0.0 |      19 |       0 |   0.0
        D:4 |      47 |       0 |   0.0 |       3 |       0 |   0.0
            +---------+---------+-------+---------+---------+-------
